 Dungeon Crawl Stone Soup version 0.21-a0-41-g5e91fef (webtiles) character file.

198 roguesci the Chiller (level 5, -2/45 HPs)
             Began as a Draconian Ice Elementalist on June 4, 2017.
             Slain by a bullfrog (3 damage)
             ... in a sewer.
             The game lasted 00:08:46 (3043 turns).

roguesci the Chiller (Draconian Ice Elementalist)   Turns: 3043, Time: 00:08:47

Health: -2/45      AC: 11    Str: 10    XL:     5   Next: 47%
Magic:  1/8        EV: 12    Int: 14    God:
Gold:   91         SH:  0    Dex: 12    Spells: 5/9 levels left

rFire    + . .     SeeInvis .   f - +2 mace (protect)
rCold    + . .     Gourm    .   (no shield)
rNeg     . . .     Faith    .   (armour unavailable)
rPois    +         Spirit   .   (helmet restricted)
rElec    +         Reflect  .   (no cloak)
rCorr    +         Harm     .   (no gloves)
MR       .....                  m - +0 pair of boots
Stlth    +.........             (no amulet)
Regen    0.2/turn               (no ring)
MPRegen  0.2/turn               (no ring)

@: icy armour, resistant, drained, very slow
A: unfitting armour, horns 1, dopey 1, cold-blooded, AC +5
a: no special abilities


You were in a sewer.
You were hungry.

You visited 1 branch of the dungeon, and saw 3 of its levels.
You also visited: Sewer.

You collected 91 gold pieces.

Inventory:

Hand Weapons
 f - a +2 mace of protection (weapon)
Missiles
 d - 52 stones (quivered)
Armour
 m - a +0 pair of boots (worn)
Jewellery
 n - an uncursed ring of resist corrosion {unknown}
Scrolls
 c - a scroll of recharging {unknown}
 e - a scroll of teleportation {unknown}
 h - a scroll of fog {unknown}
 j - a scroll of noise {unknown}
 o - a scroll of magic mapping {unknown}
 p - a scroll of amnesia {unknown}
Books
 a - a book of Frost

   Spells                             Type                      Level
   a - Freeze                         Ice                          1
   b - Throw Frost                    Conjuration/Ice              2
   c - Ozocubu's Armour               Charms/Ice                   3
   d - Throw Icicle                   Conjuration/Ice              4
   e - Summon Ice Beast               Ice/Summoning                4
Comestibles
 b - 2 bread rations
 g - a royal jelly
 q - 2 chunks of flesh


   Skills:
 * Level 3.4(3.3) Fighting
 + Level 2.6(2.5) Dodging
 + Level 2.8(2.7) Stealth
 + Level 2.5(2.4) Spellcasting
   Level 1.0(0.9) Conjurations
 + Level 3.6(3.5) Ice Magic


You had 5 spell levels left.
You knew the following spells:

 Your Spells              Type           Power        Failure   Level  Hunger
a - Freeze                Ice            ##..         5%          1    #......
b - Ozocubu's Armour      Chrm/Ice       #.......     32%         3    ###....


Dungeon Overview and Level Annotations

Branches:
Dungeon (3/15)

Altars:


Innate Abilities, Weirdness & Mutations

Your plain brown scales are hard. (AC +5)
You cannot fit into any form of body armour.
You are cold-blooded and may be slowed by cold attacks.
You have a pair of small horns on your head.
You are dopey. (Int -2)


Message History

The bullfrog is moderately wounded.
The bullfrog completely misses you.
The bullfrog hits you but does no damage. x2
You enter the shallow water.
Moving in this stuff is going to be slow.
The bullfrog hits you but does no damage.
The bullfrog hits you.
* * * LOW HITPOINT WARNING * * *
The bullfrog hits you but does no damage.
The bullfrog is no longer moving slowly.
The bullfrog hits you but does no damage. x2
The bullfrog barely misses you. The bullfrog closely misses you.
The bullfrog misses you. The bullfrog hits you.
* * * LOW HITPOINT WARNING * * *
The bullfrog hits you.
* * * LOW HITPOINT WARNING * * *
The bullfrog hits you.
* * * LOW HITPOINT WARNING * * *
The bullfrog hits you.
You die...

#.≈#≈##≈≈#≈≈≈≈.?≈≈≈#≈≈#.≈#
#≈≈#≈#≈≈≈#≈≈≈≈≈..≈≈#≈≈#≈≈#
#≈≈#≈#∩..#≈≈≈≈≈.≈≈≈#≈≈#≈≈#
#≈≈#.#≈≈≈##≈≈≈≈≈≈≈##≈.#≈≈#
#≈≈#≈###≈.# #.≈##≈≈#
#.≈#≈≈≈#≈≈## ##.≈#≈≈≈#
##.##.≈#≈≈≈## ##.≈≈#..##
#.†#.≈##≈≈.#####÷≈≈##..#
#∩.#≈≈≈#.≈≈≈lF@.≈≈≈#≈÷≈#
#..##≈.##≈≈≈≈F≈..≈##≈.##
##.≈#.≈≈##≈≈≈≈≈≈.##≈≈≈#
#.≈#≈≈≈≈###≈.≈###≈≈.≈#
##∩##≈≈≈≈≈#####≈≈≈≈≈##
#####≈≈..≈≈.≈.≈≈..##
##≈≈≈≈≈≈≈..≈≈##
###≈.≈≈≈..### #########


You could see 2 bullfrogs and a leopard gecko.

Vanquished Creatures
  Jessica (D:2)
  4 adders
  3 oozes
  5 worms (D:2)
  2 dart slugs
  12 leopard geckos
  4 orcs (D:3)
  10 giant cockroaches
  4 goblins (D:2)
  6 hobgoblins (D:2)
  2 jackals (D:2)
  2 quokkas (D:2)
  10 ball pythons
  8 bats
  7 frilled lizards
  2 kobolds
  6 rats
88 creatures vanquished.

Notes
Turn   | Place    | Note
-------+----------+-------------------------------------------
     0 | D:1      | roguesci the Draconian Ice Elementalist began the quest for the Orb.
     0 | D:1      | Reached XP level 1. HP: 14/14 MP: 3/3
   402 | D:1      | Reached XP level 2. HP: 22/22 MP: 3/5
   608 | D:1      | Reached skill level 1 in Fighting
   755 | D:2      | Noticed Jessica
   775 | D:2      | Killed Jessica
   775 | D:2      | Reached XP level 3. HP: 24/28 MP: 1/6
   782 | D:1      | Learned a level 3 spell: Ozocubu's Armour
  1160 | D:2      | Reached XP level 4. HP: 18/36 MP: 3/7
  2347 | D:3      | Found a glowing drain.
  2359 | Sewer    | Entered a sewer
  2419 | Sewer    | Reached XP level 5. HP: 27/44 MP: 2/8
  3027 | Sewer    | Gained mutation: You are dopey. (Int -2) [potion of mutation]
  3027 | Sewer    | Gained mutation: You have a pair of small horns on your head. [potion of mutation]
  3043 | Sewer    | HP: 1/45 [bullfrog (2)]
  3043 | Sewer    | Slain by a bullfrog

Vault maps used:
D:1:      minmay_arrival_checkered_box
D:2:      first_bread, minmay_misc_feat_nine_boxes, uniq_jessica
D:3:      lemuel_crystal_altar, cheibrodos_sewer_entry_bend
Sewer:    sewer_frog_island_02

Skill      XL: |  1  2  3  4  5 |
---------------+----------------+-----
Stealth        | 2 |  2.8
Fighting       | 1 2 3 |  3.4
Dodging        | 2 |  2.6
Spellcasting   | |  2.5
Conjurations   | |  1.0
Ice Magic      | |  3.6

Action                   |  1- 3 |  4- 6 || total
-------------------------+-------+-------++-------
Melee: Unarmed           |    24 |       ||    24
       Mace              |    70 |   117 ||   187
       Tailslap          |     8 |     9 ||    17
       Headbutt          |       |     1 ||     1
Throw: Stone             |     1 |     3 ||     4
 Cast: Freeze            |    13 |    43 ||    56
       Ozocubu's Armour  |       |     3 ||     3
  Use: Potion            |     1 |     5 ||     6
 Stab: Sleeping          |     3 |     1 ||     4
  Eat: Chunk             |     1 |     7 ||     8
Armor: Skin              |    54 |   100 ||   154
Dodge: Dodged            |    74 |   169 ||   243
